 Dungeon Crawl Stone Soup version 0.28-a0-1412-gf95308ed99 (webtiles) character file.

Game seed: 17079435030436164562

109 siradein the Ducker (level 5, -11/40 HPs)
             Began as a Djinni Gladiator on Jan 7, 2022.
             Mangled by Natasha (13 damage)
             ... on level 2 of the Dungeon.
             The game lasted 00:02:51 (1936 turns).

siradein the Ducker (Djinni Gladiator)              Turns: 1936, Time: 00:02:52

Health: -11/40     AC: 11    Str: 15    XL:     5   Next: 13%
Gold:   85         EV:  5    Int: 10    God:
                   SH:  0    Dex: 14

rFire   + + .      SeeInvis .   e - +2 short sword (elec)
rCold   x . .      Faith    .   (no shield)
rNeg    . . .      Spirit   .   j - +0 plate armour
rPois   ∞          Reflect  .   c - +0 helmet
rElec   .          Harm     .   (no cloak)
rCorr   .          Rampage  .   (no gloves)
Will    .....                   (boots unavailable)
Stlth   ..........              (no amulet)
HPRegen 0.13/turn               (no ring)
MPRegen 0.00/turn               (no ring)

@: flying, slowed, very slow
A: sickness immunity, fire resistance 2, cold vulnerability 1, float, innate
caster, hp casting, extra vitality 1
a: no special abilities


You were on level 2 of the Dungeon.
You visited 1 branch of the dungeon, and saw 2 of its levels.

You collected 85 gold pieces.

Inventory:

Hand Weapons
 a - a +0 long sword
 e - a +2 short sword of electrocution (weapon)
Missiles
 d - 3 throwing nets
Armour
 b - a +0 leather armour
 c - a +0 helmet (worn)
 j - a +0 plate armour (worn)
Jewellery
 i - an amulet of faith
Scrolls
 f - 5 scrolls of identify {unknown}
 g - a scroll of silence {unknown}
 k - a scroll of fog {unknown}
 l - 2 scrolls of enchant weapon {unknown}
 m - a scroll of fear {unknown}
 n - 4 scrolls of immolation {unknown}
 o - a scroll of blinking {unknown}
Potions
 h - a potion of brilliance {unknown}


   Skills:
 + Level 2.8 Fighting
 + Level 3.2 Long Blades
 + Level 2.2 Throwing
 + Level 1.6 Armour
 + Level 3.9 Dodging


You had one spell level left.
You knew the following spells:

 Your Spells              Type           Power      Damage    Failure   Level
a - Freeze                Ice            0%         1d3       100%        1
b - Poisonous Vapours     Pois/Air       0%         N/A       100%        2
Your spell library was empty.


Dungeon Overview and Level Annotations

Branches:
Dungeon (2/15)

Altars:

Annotations:
D:2 Natasha


Innate Abilities, Weirdness & Mutations

You are immune to sickness and miasma.
You are immune to poison.
Your flesh is very heat resistant. (rF++)
You are vulnerable to cold. (rC-)
You float through the air rather than walking.
You learn spells naturally, not from books.
Your magical power is your life essence.
You have superior vitality. (+4 MHP)


Message History

You barely miss Natasha. You punch Natasha, but do no damage.
Natasha barely misses you.
You hit Natasha.
Natasha is moderately wounded.
Natasha claws you but does no damage.
You hit Natasha.
Natasha is heavily wounded.
Natasha casts a spell at you.
The magic dart hits you but does no damage.
You completely miss Natasha.
Natasha is heavily wounded.
Natasha claws you.
You hit Natasha.
Natasha is heavily wounded.
Natasha claws you!
You hit Natasha.
Natasha is heavily wounded.
Natasha stares at you and mumbles some strange words.
The magic dart hits you!
You are too injured to fight recklessly!
You are too injured to fight recklessly!
You closely miss Natasha.
Natasha is heavily wounded.
Natasha claws you!
* * * LOW HITPOINT WARNING * * *
You barely miss Natasha.
Natasha is heavily wounded.
Natasha mumbles some strange words.
The crimson imp grins evilly.
Natasha stares at you and mumbles some strange words.
You feel yourself slow down.
The crimson imp blinks!
Natasha claws you.
* * * LOW HITPOINT WARNING * * *
You barely miss the crimson imp. Natasha claws you.
* * * LOW HITPOINT WARNING * * *
The crimson imp hits you but does no damage.
You hit the crimson imp.
The crimson imp is moderately wounded.
Natasha claws you!
You die...

.......'......#.#
.......########)########
#'#.....#######........#
.......................#
###.###.......#........#
..#....####.###.####'### #.####.#
#.# #.# #..# ..
#.####.####.###.#####.#######....
...............5@h...............
#.####.####.###.#####.######.....
#...<#.####.....# #.# ....
######.........## ###'### ###
....)..........# #.....####+##
#######........# #...........#
#........# #...........#
#######........# #...........###
......'..<.....# #..............


You could see Natasha (strong) and a crimson imp (summoned).

Vanquished Creatures
  7 adders (D:2)
  A worm (D:2)
  3 ball pythons
  5 endoplasms
  3 giant cockroaches (D:1)
  5 hobgoblins
  3 quokkas
  5 bats
  2 frilled lizards
  3 goblins
  2 kobolds
  6 rats
45 creatures vanquished.

Notes
Turn   | Place    | Note
-------+----------+-------------------------------------------
     0 | D:1      | siradein the Djinni Gladiator began the quest for the Orb.
     0 | D:1      | Reached XP level 1. HP: 18/18 MP: 0/0
   310 | D:1      | Reached XP level 2. HP: 21/23 MP: 0/0
   336 | D:1      | Found a faded altar of an unknown god.
   523 | D:1      | Reached XP level 3. HP: 23/28 MP: 0/0
   523 | D:1      | Learned a level 1 spell: Freeze
  1082 | D:2      | Reached skill level 1 in Armour
  1241 | D:2      | Reached XP level 4. HP: 34/34 MP: 0/0
  1541 | D:2      | Reached XP level 5. HP: 24/39 MP: 0/0
  1541 | D:2      | Learned a level 2 spell: Poisonous Vapours
  1909 | D:2      | Noticed Natasha
  1935 | D:2      | HP: 2/40 [Natasha (2)]
  1936 | D:2      | Mangled by Natasha

Illustrated notes

Levels and vault maps discovered:
D:1:      onia_arrival_mini_maze, layout_basic,
          shapermc_ecumenical_altar_starsandcircs
D:2:      layout_basic, minmay_hexomino_c4, uniq_natasha

Skill      XL: |  1  2  3 |
---------------+----------+-----
Armour         | 1 |  1.6
Long Blades    | 3 |  3.2
Throwing       | 2 |  2.2
Fighting       | |  2.8
Dodging        | |  3.9

Action                   |  1- 3 |  4- 6 || total
-------------------------+-------+-------++-------
Melee: Short sword       |    71 |    62 ||   133
       Long sword        |     2 |       ||     2
       Punch             |       |     2 ||     2
Armor: Leather armour    |    18 |       ||    18
       Plate armour      |    18 |    46 ||    64
Dodge: Dodged            |    41 |    20 ||    61

Table legend: (Time is in decaauts)
 A = Elapsed time spent in this place.
 B = Non-inter-level travel time spent in this place.
 C = Inter-level travel time spent in this place.
 D = Time resting spent in this place.
 E = Time spent auto-exploring this place.
 F = Levels seen in this place.
 G = Mean time per level.
                   A        B        C        D        E       F      G
               +--------+--------+--------+--------+--------+-----+--------+
         Total |   1939 |   1908 |     31 |      4 |   1594 |   2 |  969.5 |
       Dungeon |   1939 |   1908 |     31 |      4 |   1594 |   2 |  969.5 |
               +--------+--------+--------+--------+--------+-----+--------+

Top non-repeatable levels by time:
     D:1: 1051 daAuts
     D:2: 888 daAuts
